Map: Sludge City

Players

Manta

  • Race: Zerg Zerg
  • League: Silver
  • Spawn Location: 5:00

Dallinger

  • Race: Terran Terran
  • League: Diamond
  • Spawn Location: 5:00

gostogoplopy

  • Race: Terran Terran
  • Spawn Location: 11:00

Proble

  • Race: Zerg Zerg
  • Spawn Location: 9:00

VOD

Have the link to the VOD?

Description

Time

  • Played on: Feb. 19, 2016, 10:42 p.m.
  • Length: 14:48
Show
View Real Time Build Order
Export as new Build Order

Manta Zerg 

Build Orders: 3 Hatch before Pool 

Get SALT Encoding   

  12  0:02  Drone  
  13  0:22  Drone  
  13  0:24  Overlord x2  
  14  0:43  Drone  
  14  0:45  Drone  
  16  0:58  Drone  
  17  1:10  Hatchery  
  16  1:15  Drone  
  17  1:25  Extractor  
  16  1:28  Extractor  
  15  1:37  Hatchery  
  14  1:41  Drone x2  
  16  1:55  Spawning Pool  
  15  2:14  Drone x3  
  18  2:23  Drone  
  19  2:40  Drone x2  
  19  2:42  Drone  
  22  2:45  Lair  
  22  2:48  Drone  
  22  2:50  Drone  
  22  2:51  Drone  
  25  3:03  Drone x3  
  28  3:11  Drone  
  28  3:12  Drone x2  
  31  3:18  Overlord  
  31  3:24  Drone x2  
  33  3:36  Queen x2  
  37  3:43  Spire  
  37  3:45  Queen  
  38  3:50  Extractor  
  38  3:51  Drone  
  38  3:52  Extractor  
  38  3:54  Drone, Extractor  
  38  3:55  Drone  
  38  3:57  Drone  
  38  4:01  Drone  
  38  4:02  Drone  
  41  4:04  Drone  
  42  4:10  Overlord  
  42  4:12  Overlord  
  42  4:32  Drone x3  
  42  4:33  Drone x5  
  42  4:37  Drone  
  51  4:47  Overlord x3  
  51  4:59  Mutalisk x3  
  53  5:05  Mutalisk  
  53  5:06  Mutalisk x3  
  65  5:10  Extractor  
  65  5:12  Drone x2  
  66  5:14  Drone  
  66  5:15  Drone  
  66  5:19  Drone x3  
  71  5:43  Pneumatized Carapace  
  71  5:44  Mutalisk x4  
  71  5:47  Hatchery  
  78  5:50  Overlord x3  
  78  6:13  Zerg Flyer Armor Level 1  
  78  6:20  Spire  
  78  6:22  Drone  
  78  6:29  Drone x4  
  82  6:33  Drone x6  
  82  6:34  Drone x2  
  82  6:35  Overlord x3  
  90  7:16  Mutalisk x5  
  90  7:17  Mutalisk x5  
  90  7:18  Zergling x2  
  90  7:19  Zergling x6  
  114  7:36  Zerg Flyer Weapons Level 1  
  112  7:40  Queen  
  104  7:45  Queen  
  104  7:48  Hatchery  
  95  8:13  Mutalisk  
  95  8:14  Mutalisk x7  
  95  8:15  Zergling x2  
  95  8:16  Zergling x16  
  95  8:19  Metabolic Boost  
  120  8:21  Overlord x3  
  120  8:39  Mutalisk  
  120  8:40  Mutalisk x2  
  112  9:08  Mutalisk x5  
  112  9:09  Zergling x2  
  121  9:10  Zergling x12  
  125  9:35  Zerg Flyer Armor Level 2  
  125  9:37  Zerg Flyer Weapons Level 2  
  125  9:41  Drone  
  125  9:42  Drone x13  
  115  10:11  Extractor x2  
  107  10:19  Mutalisk  
  107  10:20  Mutalisk x7  
  123  10:21  Zergling x2  
  123  10:22  Zergling x24  
  136  10:29  Drone x3  
  139  10:44  Hatchery  
  139  10:45  Hatchery  
  137  10:53  Hatchery  
  137  10:54  Queen  
  138  11:00  Hatchery  
  138  11:02  Hatchery  
  136  11:14  Queen  
  138  11:18  Hatchery, Queen  
  138  11:22  Mutalisk  
  138  11:23  Infestation Pit, Mutalisk x5  
  150  11:25  Overlord  
  150  11:26  Overlord x11  
  150  11:35  Queen  
  150  11:37  Extractor  
  147  11:40  Extractor  
  140  12:03  Mutalisk  
  140  12:04  Mutalisk x13  
  140  12:06  Zergling x10  
  140  12:07  Zergling x4  
  175  12:20  Queen  
  101  13:23  Mutalisk x6  
  101  13:24  Mutalisk x14  
  101  13:26  Zergling x20  
  101  13:27  Zergling x30  
  168  13:49  Queen  
  152  14:05  Mutalisk x8  
  152  14:06  Zergling x2, Mutalisk x2  
  152  14:07  Zergling x10  
  116  14:31  Drone x2  
Show
View Real Time Build Order
Export as new Build Order

Dallinger Terran 

Build Orders: Reaper Expand, MMM Bio 

Get SALT Encoding   

  12  0:01  SCV  
  13  0:13  SCV  
  14  0:19  Supply Depot  
  14  0:25  SCV  
  15  0:41  SCV  
  15  0:42  Barracks  
  16  0:52  Refinery  
  16  0:53  SCV  
  17  1:05  SCV  
  18  1:17  SCV  
  19  1:30  Orbital Command  
  19  1:35  Reaper  
  20  1:42  Command Center  
  20  1:55  Supply Depot  
  20  1:56  SCV  
  20  1:59  Refinery  
  21  2:07  Barracks Reactor  
  21  2:08  SCV  
  22  2:20  SCV  
  23  2:32  SCV  
  24  2:44  SCV  
  24  3:00  Orbital Command  
  24  3:01  Marine x2  
  24  3:05  Factory  
  26  3:08  Barracks  
  26  3:10  Barracks  
  26  3:11  Supply Depot  
  26  3:12  SCV  
  27  3:22  Marine x2  
  27  3:24  SCV  
  30  3:29  SCV  
  31  3:37  SCV  
  32  3:41  Engineering Bay, SCV  
  32  3:43  Marine x2  
  35  3:49  SCV, Factory Tech Lab  
  35  3:53  Starport, SCV  
  37  3:57  Refinery x2  
  37  3:59  Barracks Tech Lab x2  
  37  4:01  SCV  
  38  4:06  SCV  
  39  4:13  Missile Turret  
  39  4:14  Siege Tank  
  42  4:17  SCV  
  42  4:18  SCV  
  44  4:25  Combat Shields  
  44  4:26  Stimpack  
  44  4:29  SCV  
  44  4:30  SCV  
  46  4:32  Starport Reactor  
  46  4:35  Marine x2  
  46  4:36  Marine  
  46  4:37  Marine  
  50  4:43  Supply Depot  
  50  4:44  Supply Depot  
  50  4:53  Missile Turret  
  50  4:56  Missile Turret  
  50  4:57  SCV x2  
  52  5:09  Medivac x2, SCV  
  57  5:20  Command Center  
  57  5:30  Armory, Barracks  
  57  5:31  Barracks  
  57  5:33  Engineering Bay  
  57  5:42  Factory  
  57  5:47  Siege Tank  
  60  6:01  Marine x2  
  60  6:02  Marine x2  
  60  6:03  Medivac x2  
  68  6:09  Supply Depot x2  
  66  6:43  Marine x4  
  70  7:11  Marine, Barracks Reactor x2  
  70  7:12  Marine x3  
  70  7:14  Concussive Shells  
  74  7:16  Terran Infantry Armor Level 1, Terran Infantry Weapons Level 1  
  74  7:17  Terran Vehicle Weapons Level 1  
  74  7:18  Orbital Command  
  74  7:21  Siege Tank, Factory Tech Lab  
  74  7:22  Medivac x2  
  81  7:29  Marine  
  59  8:07  Marine x3  
  59  8:08  Marine x5  
  59  8:11  Orbital Command  
  66  8:21  SCV  
  66  8:22  SCV  
  66  8:25  Marine x6  
  66  8:26  Marine x2  
  76  8:27  Supply Depot  
  76  8:28  Supply Depot  
  76  8:30  Supply Depot  
  76  8:32  Supply Depot  
  76  8:33  SCV  
  77  8:34  SCV  
  76  8:43  Marine x8  
  76  8:45  SCV  
  76  8:46  SCV  
  86  8:58  SCV x2  
  86  9:00  Marine  
  86  9:01  Marine x7  
  82  9:10  SCV x2  
  82  9:13  Missile Turret  
  82  9:15  Siege Tank x2  
  82  9:16  Medivac x2  
  94  9:17  Missile Turret  
  94  9:18  Marine  
  94  9:19  Marine x7  
  94  9:22  SCV  
  94  9:23  SCV x2  
  105  9:27  Missile Turret  
  105  9:31  Refinery  
  105  9:34  SCV  
  105  9:35  Missile Turret  
  105  9:36  Bunker, Marine x3  
  109  9:47  Siege Tank  
  109  9:48  Siege Tank  
  88  10:34  Refinery  
  88  10:35  SCV x3  
  90  10:42  Terran Infantry Weapons Level 2, Terran Infantry Armor Level 2  
  91  10:43  Terran Vehicle Weapons Level 2  
  91  10:44  Thor x2  
  91  10:45  Medivac  
  91  10:46  Marine  
  91  10:47  SCV  
  91  10:49  Marine x2  
  112  10:50  Marauder x2, Marine x3  
  112  10:52  Command Center  
  116  11:04  Marine  
  116  11:07  Marine x3  
  116  11:08  Marine x2  
  122  11:11  Command Center  
  109  11:42  Refinery  
  109  11:46  Refinery  
  85  11:57  Thor x2  
  97  12:01  Viking  
  97  12:02  Viking  
  97  12:04  Marine  
  97  12:05  Marauder x2, Marine x5  
  104  12:22  Marine x2  
  98  12:23  Marine  
  98  12:27  Planetary Fortress  
  93  12:37  Marauder x2, Marine x3  
  93  12:40  Marine x3  
  100  12:55  Marine  
  86  13:07  Thor x2  
  51  13:38  Marauder, Marine x4  
  51  13:39  Marauder, Marine x2  
  61  13:48  Missile Turret  
  61  13:50  Thor x2  
  61  13:51  Missile Turret  
  73  13:56  Refinery  
  73  14:10  Command Center  
  73  14:11  Medivac x2  
  89  14:45  Refinery  
Show
View Real Time Build Order
Export as new Build Order

gostogoplopy Terran 

Build Orders: MMM Bio 

Get SALT Encoding   

  12  0:00  SCV  
  13  0:21  Supply Depot  
  14  0:56  Barracks  
  13  1:23  Command Center  
  13  1:27  SCV  
  14  1:39  SCV  
  15  1:45  Supply Depot, Marine  
  16  1:51  SCV  
  16  1:52  Refinery  
  17  2:03  Marine, SCV  
  19  2:09  Barracks  
  19  2:16  SCV  
  19  2:21  Marine  
  21  2:32  Orbital Command  
  21  2:35  Bunker  
  21  2:42  Orbital Command  
  21  3:00  Marine  
  21  3:01  Marine  
  21  3:04  SCV  
  24  3:16  SCV  
  24  3:17  Marine  
  24  3:19  Marine, SCV  
  28  3:21  Refinery  
  28  3:28  SCV  
  28  3:31  SCV  
  30  3:35  Marine  
  30  3:37  Marine  
  32  3:41  Barracks  
  32  3:42  Factory, Barracks  
  32  3:44  Barracks  
  32  3:46  SCV x2  
  34  3:53  Marine  
  34  3:55  Marine  
  36  3:59  SCV  
  36  4:00  SCV  
  38  4:10  Command Center  
  38  4:12  SCV x2  
  38  4:13  Barracks Tech Lab  
  38  4:14  Barracks Reactor  
  40  4:24  SCV  
  41  4:27  SCV  
  41  4:29  Barracks Reactor  
  42  4:36  SCV  
  42  4:37  Factory Tech Lab  
  43  4:38  Barracks Reactor  
  43  4:39  SCV  
  43  4:40  Barracks Reactor  
  43  4:42  Marine  
  43  4:43  Engineering Bay, Barracks Reactor  
  43  4:44  Stimpack  
  45  4:48  Engineering Bay, SCV  
  46  4:56  Supply Depot  
  46  4:57  Factory  
  46  4:59  Supply Depot  
  46  5:03  Supply Depot  
  46  5:10  Terran Infantry Weapons Level 1  
  46  5:14  Refinery  
  46  5:16  Refinery  
  46  5:17  Marine x3  
  46  5:18  SCV x2  
  51  5:23  Marine x2  
  51  5:24  Marine  
  51  5:27  Orbital Command  
  54  5:30  SCV x2  
  54  5:35  Marine  
  59  5:39  Terran Infantry Armor Level 1  
  59  5:42  SCV x2  
  59  5:52  Marine x3  
  59  5:53  Marine x4  
  59  5:54  Siege Tank, SCV x2  
  71  5:57  SCV  
  71  6:03  Missile Turret  
  72  6:04  Missile Turret  
  72  6:06  Missile Turret, SCV  
  72  6:07  Missile Turret  
  72  6:09  SCV x2  
  75  6:11  Missile Turret  
  75  6:15  Missile Turret, Marine x4  
  75  6:16  Marine x3  
  75  6:17  Marine  
  84  6:18  SCV  
  84  6:20  Factory Tech Lab  
  84  6:40  Marine  
  84  6:45  Combat Shields  
  85  6:53  Marine x8  
  93  7:06  Starport  
  93  7:08  Starport  
  93  7:14  Armory  
  93  7:26  Supply Depot  
  93  7:28  Supply Depot  
  93  7:30  Supply Depot x2, Marine x8  
  93  7:31  Marine  
  93  7:34  Siege Tank x2  
  93  7:48  Marine x9  
  78  8:06  Terran Infantry Weapons Level 2, Marine x9, Terran Infantry Armor Level 2  
  78  8:08  Terran Vehicle Weapons Level 1  
  78  8:10  Starport Tech Lab, Starport Reactor  
  78  8:11  Thor  
  93  8:16  Refinery  
  93  8:17  Refinery  
  93  8:19  Thor  
  99  8:24  Marine x6  
  105  8:38  Marine  
  105  8:39  Marine x2  
  108  8:42  Marine  
  108  8:47  Marine x4  
  108  8:48  Marine  
  107  8:56  Marine x2  
  107  8:57  Marine  
  107  8:59  Marine  
  99  9:05  Marine x4  
  99  9:06  Marine  
  103  9:14  Marine x3  
  106  9:17  Marine  
  106  9:20  Starport  
  106  9:23  Starport Reactor, Marine x4  
  106  9:24  Marine  
  112  9:32  Marine x3  
  112  9:35  Marine, Thor x2  
  128  9:38  Medivac x2  
  128  9:40  Marine x2  
  128  9:41  Marine x3  
  137  9:50  Marine x3  
  129  9:53  Marine  
  129  9:58  Marine x2  
  129  9:59  Marine x3  
  113  10:02  Terran Vehicle And Ship Armor Level 1  
  90  10:07  Marine  
  90  10:08  Marine x2  
  90  10:11  Marine  
  85  10:16  Marine x4  
  85  10:17  Marine  
  85  10:21  Medivac x3, Barracks  
  92  10:24  Barracks  
  92  10:25  Marine x2  
  92  10:26  Marine  
  92  10:27  Terran Infantry Weapons Level 3  
  97  10:29  Marine  
  97  10:34  Marine x4  
  102  10:37  Marine  
  103  10:43  Marine x3, Terran Infantry Armor Level 3  
  103  10:46  Marine  
  107  10:52  Marine x4  
  107  10:54  Medivac  
  107  10:55  Marine  
  114  11:01  Marine x2  
  116  11:05  Marine x2  
  116  11:09  Marine  
  116  11:11  Thor  
  119  11:13  Marine  
  119  11:14  Marine x2  
  128  11:22  Marine x2  
  128  11:23  Marine  
  131  11:26  Marine x2  
  131  11:27  Marine  
  131  11:31  Marine  
  135  11:35  Marine x2  
  117  11:40  Marine x3  
  117  11:44  Marine x2  
  117  11:45  Marine  
  113  11:49  Marine  
  113  11:53  Marine  
  111  11:58  Marine  
  111  11:59  Marine x3  
  115  12:15  Marine x5  
  108  12:16  Marine  
  108  12:18  Marine x3  
  112  12:33  Marine x3  
  115  12:47  Marine x6  
  121  12:55  Marine  
  114  12:59  Marine  
  114  13:02  Marine  
  101  13:13  Marine x2  
  101  13:19  Marine x2  
  91  13:46  Orbital Command  
  91  13:57  Thor  
  97  14:15  Marine x6  
  97  14:16  Marine  
  93  14:17  Marine  
Show
View Real Time Build Order
Export as new Build Order

Proble Zerg 

Build Orders: Pool First 

Get SALT Encoding   

  12  0:01  Drone  
  13  0:12  Overlord  
  13  0:20  Drone  
  14  0:39  Drone, Spawning Pool  
  15  0:42  Drone  
  15  0:50  Drone, Extractor  
  15  1:06  Drone x2  
  17  1:12  Drone  
  18  1:33  Hatchery, Zergling x2  
  18  1:36  Zergling x2  
  19  1:46  Roach Warren  
  18  1:49  Drone  
  19  1:57  Drone  
  20  2:10  Drone  
  21  2:22  Queen, Extractor  
  22  2:24  Overlord  
  22  2:58  Drone x2  
  22  2:59  Drone x3  
  27  3:11  Evolution Chamber  
  26  3:20  Drone x3  
  26  3:21  Drone, Spine Crawler  
  26  3:26  Spine Crawler  
  28  3:32  Roach x2  
  32  3:43  Drone x2  
  34  3:50  Zerg Missile Weapons Level 1  
  34  3:54  Roach  
  36  3:57  Overlord  
  36  4:00  Overlord  
  36  4:14  Lair  
  36  4:25  Drone x3  
  36  4:27  Drone x3  
  36  4:28  Drone, Spore Crawler  
  36  4:30  Extractor  
  41  4:36  Drone x2  
  43  4:42  Roach  
  43  4:44  Roach  
  47  4:54  Queen  
  47  4:57  Overlord  
  49  5:11  Drone x2  
  51  5:19  Drone x3  
  51  5:20  Drone  
  55  5:27  Hatchery  
  54  5:34  Roach  
  54  5:35  Roach x2  
  59  5:39  Overlord x2  
  59  5:53  Overlord  
  59  5:54  Overlord x2  
  59  6:07  Spire  
  59  6:08  Drone x4  
  62  6:18  Zergling x4  
  57  6:58  Drone  
  57  6:59  Drone x4  
  57  7:13  Hydralisk Den  
  55  7:19  Mutalisk x5  
  55  7:20  Mutalisk  
  67  7:25  Overlord x3  
  67  7:26  Overlord  
  63  7:48  Zerg Melee Weapons Level 1  
  58  7:57  Mutalisk x2  
  62  8:12  Extractor  
  43  8:13  Mutalisk  
  45  8:29  Mutalisk  
  45  8:35  Spore Crawler  
  45  8:36  Spore Crawler  
  43  8:45  Spore Crawler, Mutalisk  
  44  9:01  Zerg Flyer Weapons Level 1  
  44  9:06  Mutalisk  
  40  9:10  Drone x6  
  40  9:11  Drone x4  
  40  9:13  Zergling x6  
  40  9:15  Hydralisk  
  55  9:33  Mutalisk  
  57  9:47  Spore Crawler  
  57  9:48  Zergling x2  
  57  9:49  Zergling x10  
  57  9:52  Overlord x3  
  61  10:08  Mutalisk x3  
  54  10:15  Drone x3  
  54  10:16  Drone  
  55  10:25  Spore Crawler  
  55  10:26  Spore Crawler, Mutalisk  
  55  10:28  Mutalisk  
  57  10:49  Mutalisk x2  
  61  10:52  Hydralisk  
  63  10:57  Zergling x4  
  63  10:59  Hydralisk  
  67  11:12  Zergling x2  
  67  11:13  Zergling x2  
  69  11:21  Mutalisk x2  
  73  11:31  Zergling x4  
  57  12:02  Hydralisk x4, Spire  
  57  12:03  Hydralisk  
  66  12:14  Evolution Chamber  
  65  12:31  Hydralisk x6  
  77  12:41  Hatchery  
  76  12:51  Hydralisk x3  
  76  12:52  Extractor  
  76  12:57  Extractor  
  66  13:05  Drone x6  
  70  13:08  Drone x2  
  70  13:19  Hydralisk  
  64  13:29  Hydralisk  
  62  13:48  Hydralisk  
  62  13:49  Hydralisk  
  44  14:11  Drone x2  
  46  14:18  Drone x4  
Tags
 
Add a new tag
Caveats
  • Supply blocks, unpowered buildings, or Contaminate may cause inaccurate times.
  • Supply counts are checked every 10 seconds.